 Dungeon Crawl Stone Soup version 0.28-a0-1429-gf3d713df7a (webtiles) character file.

Game seed: 18148258682821566510

56 HallandMoats the Shield-Bearer (level 3, 0/20 HPs)
             Began as a Vine Stalker Fighter on Jan 9, 2022.
             Slain by an orc (4 damage)
             ... on level 2 of the Dungeon.
             The game lasted 00:01:11 (1009 turns).

HallandMoats the Shield-Bearer (VSFi)               Turns: 1009, Time: 00:01:12

Health: 0/20       AC:  6    Str: 18    XL:     3   Next: 97%
Magic:  0/4        EV:  9    Int:  8    God:
Gold:   66         SH:  5    Dex: 15    Spells: 2/2 levels left

rFire   . . .      SeeInvis .   a - +0 war axe
rCold   . . .      Faith    .   c - +0 buckler
rNeg    . . .      Spirit   +   b - +0 scale mail
rPois   .          Reflect  .   (no helmet)
rElec   .          Harm     .   (no cloak)
rCorr   .          Rampage  .   (no gloves)
Will    .....                   (no boots)
Stlth   ..........              (no amulet)
HPRegen 0.06/turn               (no ring)
MPRegen 0.09/turn               (no ring)

@: no status effects
A: fangs 2, magic shield, antimagic bite, no potion heal 2
a: no special abilities


You were on level 2 of the Dungeon.
You visited 1 branch of the dungeon, and saw 2 of its levels.

You collected 66 gold pieces.

Inventory:

Hand Weapons
 a - a +0 war axe (weapon)
Armour
 b - a +0 scale mail (worn)
 c - a +0 buckler (worn)
Scrolls
 e - a scroll of fear {unknown}
Potions
 d - a potion of might
 f - a potion of berserk rage {unknown}


   Skills:
 + Level 3.0 Fighting
 + Level 2.1 Axes
 + Level 2.7 Armour
 + Level 1.0 Dodging
 + Level 3.0 Shields
 + Level 1.1 Invocations


You had 2 spell levels left.
You didn't know any spells.
Your spell library was empty.

Dungeon Overview and Level Annotations

Branches:
Dungeon (2/15)

Altars:


Innate Abilities, Weirdness & Mutations

You have extremely sharp teeth.
When hurt, damage is shared between your health and your magic reserves.
Your bite disrupts and absorbs the magic of your enemies.
Potions cannot restore your health.


Message History

You feel invigorated.
The orc is lightly wounded.
You slash the orc!
You kill the orc!
The orc barely misses you.
You hit the orc but do no damage.
The orc is lightly wounded.
You slash the goblin!
You kill the goblin!
The orc barely misses you. The orc hits you but does no damage.
You barely miss the orc. You bite the orc. You drain its power.
The orc is heavily wounded.
You barely miss the orc. The orc barely misses you.
The orc hits you but does no damage. The orc hits you with a +0 flail!
You are too injured to fight recklessly!
You are too injured to fight recklessly!
You are too injured to fight recklessly!
You are too injured to fight recklessly!
You are too injured to fight recklessly!
Unknown command.
You are too injured to fight recklessly!
Unknown command.
You are too injured to fight recklessly!
Unknown command.
You are too injured to fight recklessly!
Unknown command.
You are too injured to fight recklessly!
Unknown command.
You are too injured to fight recklessly!
You hit the orc.
The orc is severely wounded.
You hit the orc. The orc hits you with a +0 dagger.
The orc hits you with a +0 flail.
* * * LOW HITPOINT WARNING * * *
You hit the orc. You bite the orc. You drain its power.
You feel invigorated.
The orc is almost dead.
You slash the orc!
You kill the orc!
The orc hits you with a +0 flail!
You die...

#. ## #.# ##.8 #.#
..... #.# ..... #.#
...( #. #.##..# #.
##.#).#
#.#######..@o# ##.
###.........)###....
.....####.#........
#...#.............
#...#.##.####...##
#.....##.# #.##
##..####.# .#
#.......# #
#.####.##########


You could see an orc.

Vanquished Creatures
  A dart slug (D:1)
  2 orcs (D:2)
  6 endoplasms (D:1)
  A giant cockroach (D:1)
  5 goblins
  5 hobgoblins
  8 jackals (D:1)
  3 kobolds (D:1)
  3 quokkas (D:1)
  2 ball pythons
  2 bats
  3 frilled lizards (D:1)
  5 rats (D:1)
46 creatures vanquished.

Notes
Turn   | Place    | Note
-------+----------+-------------------------------------------
     0 | D:1      | HallandMoats the Vine Stalker Fighter began the quest for
                  | the Orb.
     0 | D:1      | Reached XP level 1. HP: 11/11 MP: 2/2
    43 | D:1      | Reached XP level 2. HP: 9/16 MP: 1/3
   369 | D:1      | Reached XP level 3. HP: 14/19 MP: 2/4
   620 | D:1      | Reached skill level 1 in Invocations
   762 | D:1      | Reached skill level 1 in Dodging
  1009 | D:2      | Slain by an orc

Illustrated notes

Levels and vault maps discovered:
D:1:      ebering_trefoil_twist, layout_rooms
D:2:      layout_loops_corners, basic_ecumenical_altar, roderic_lattice_a,
          guppyfry_early_orc_mine

Skill      XL: |  1  2  3 |
---------------+----------+-----
Axes           | 2 |  2.1
Invocations    | 1 |  1.1
Shields        | 3 |  3.0
Dodging        | 1 |  1.0
Fighting       | 3 |  3.0
Armour         | |  2.7

Action                   || total
-------------------------++-------
Melee: War axe           ||    86
       Bite              ||    18
Armor: Scale mail        ||    44
Dodge: Dodged            ||    50
Block: Buckler           ||    28

Table legend: (Time is in decaauts)
 A = Elapsed time spent in this place.
 B = Non-inter-level travel time spent in this place.
 C = Inter-level travel time spent in this place.
 D = Time resting spent in this place.
 E = Time spent auto-exploring this place.
 F = Levels seen in this place.
 G = Mean time per level.
                   A        B        C        D        E       F      G
               +--------+--------+--------+--------+--------+-----+--------+
         Total |   1047 |   1037 |     10 |     35 |    785 |   2 |  523.5 |
       Dungeon |   1047 |   1037 |     10 |     35 |    785 |   2 |  523.5 |
               +--------+--------+--------+--------+--------+-----+--------+

Top non-repeatable levels by time:
     D:1: 943 daAuts
     D:2: 103 daAuts
